 Seeded DCSS version 0.28-a0-1236-gb25a51b929 (webtiles) character file.

Game seed: 1064 (custom seed)

276 a11behringer the Cudgeller (level 6, -3/56 HPs)
             Began as a Minotaur Berserker on Dec 25, 2021.
             Was a Priest of Trog.
             Slain by a gnoll (4 damage)
             ... on level 4 of the Dungeon.
             The game lasted 00:05:23 (2532 turns).

a11behringer the Cudgeller (Minotaur Berserker)     Turns: 2532, Time: 00:05:23

Health: -3/56      AC: 10    Str: 23    XL:     6   Next: 4%
Magic:  5/5        EV:  9    Int:  4    God:    Trog [***...]
Gold:   146        SH:  0    Dex: 10    Spells: 5/5 levels left

rFire   . . .      SeeInvis .   a - +0 mace
rCold   . . .      Faith    .   (no shield)
rNeg    . . .      Spirit   .   y - +0 chain mail
rPois   .          Reflect  .   (helmet restricted)
rElec   .          Harm     .   d - +0 cloak
rCorr   .          Rampage  .   (no gloves)
Will    .....                   (no boots)
Stlth   ..........              (no amulet)
HPRegen 0.18/turn               (no ring)
MPRegen 0.09/turn               (no ring)

@: mighty, on berserk cooldown, slowed, very slow
A: horns 2, retaliatory headbutt
a: Renounce Religion, Berserk, Trog's Hand


You were on level 4 of the Dungeon.
You worshipped Trog.
Trog was most pleased with you.
You visited 1 branch of the dungeon, and saw 4 of its levels.

You collected 146 gold pieces.

Inventory:

Hand Weapons
 a - a +0 mace (weapon)
 f - a +0 hunting sling
 l - a +0 great mace
Missiles
 e - 84 arrows
 i - 33 bolts
 o - 49 sling bullets
Armour
 b - a +0 animal skin
 d - a +0 cloak (worn)
 k - a +0 leather armour
 n - a +0 scale mail
 y - a +0 chain mail (worn)
Scrolls
 c - a scroll of noise {unknown}
 j - 2 scrolls of identify {unknown}
 p - 2 scrolls of acquirement {unknown}
 s - a scroll of torment {unknown}
 t - 2 scrolls of enchant armour {unknown}
 u - a scroll of holy word {unknown}
 x - a scroll of brand weapon {unknown}
Potions
 g - a potion of ambrosia {unknown}
 h - a potion of resistance {unknown}
 m - a potion of mutation {unknown}
 q - a potion of curing {unknown}
 r - a potion of degeneration {unknown}
 v - a potion of brilliance {unknown}
 w - a potion of might
 z - a potion of haste {unknown}


   Skills:
 + Level 5.0 Fighting
 * Level 6.0 Maces & Flails
 + Level 4.2 Armour
 + Level 2.9 Dodging


You had 5 spell levels left.
You didn't know any spells.
Your spell library was empty.

Dungeon Overview and Level Annotations

Branches:
Dungeon (4/15)             Temple (0/1) D:4

Altars:
Zin


Innate Abilities, Weirdness & Mutations

You have a pair of horns on your head.
You reflexively headbutt those who attack you in melee.


Message History

You sock the gnoll!
You kill the gnoll!
Trog accepts your kill.
You are no longer berserk.
You are exhausted.
You feel yourself slow down.
You feel sick.
Your Maces & Flails skill increases to level 6!
You hit the gnoll.
The gnoll is heavily wounded.
You feel sick.
The gnoll hits you with a +0 long sword!
The gnoll throws a throwing net.
The throwing net hits you.
You become entangled in the net!
The gnoll hits you with a +0 long sword.
You struggle against the net.
You feel sick.
You are no longer poisoned.
The gnoll hits you but does no damage. The gnoll hits you with a +0 flail.
The gnoll hits you but does no damage.
You struggle against the net.
The gnoll hits you with a +0 flail.
The gnoll hits you but does no damage. x2
You tear a large gash into the net.
A hound skeleton comes into view.
The gnoll hits you with a +0 long sword.
The gnoll hits you with a +0 flail. The gnoll barely misses you.
You rip the net and break free!
The gnoll hits you with a +0 flail.
The gnoll hits you with a +0 long sword.
The gnoll hits you but does no damage.
You barely miss the gnoll. Your headbutt misses the gnoll.
The gnoll is heavily wounded.
The gnoll hits you with a +0 long sword.
* * * LOW HITPOINT WARNING * * *
The gnoll hits you but does no damage.
The gnoll hits you with a +0 long sword!
* * * LOW HITPOINT WARNING * * *
The gnoll hits you with a +0 flail.
* * * LOW HITPOINT WARNING * * *
It was a potion of might.
You feel very mighty all of a sudden.
The gnoll hits you with a +0 long sword.
You die...

....... ..... ..... ##
.... .. ##..##.# .oZ..
#gg# #@)# #.=# #####
##.)# # ....# #...###...
###.# #.......#
###|###########...###...
............).....#### #
.##..###8>8###.........
.##### ##### #########.


You could see 2 gnolls, an orc and a hound skeleton.

Vanquished Creatures
  A black bear (D:3)
  A hound (D:4)
  An iguana (D:3)
  A gnoll (D:4)
  3 adders
  2 worms (D:2)
  A dart slug (D:1)
  8 orcs
  7 ball pythons
  6 endoplasms
  A giant cockroach (D:1)
  10 goblins
  5 hobgoblins
  8 jackals
  5 kobolds
  2 quokkas
  3 bats
  2 frilled lizards (D:2)
  6 rats
73 creatures vanquished.

Notes
Turn   | Place    | Note
-------+----------+-------------------------------------------
     0 | D:1      | a11behringer the Minotaur Berserker began the quest for the
                  | Orb.
     0 | D:1      | Reached XP level 1. HP: 19/19 MP: 0/0
   244 | D:1      | Reached XP level 2. HP: 27/27 MP: 1/1
   256 | D:1      | Reached skill level 4 in Maces & Flails
   530 | D:1      | Reached ** piety under Trog
   533 | D:1      | Reached XP level 3. HP: 31/33 MP: 2/2
   950 | D:2      | Found a faded altar of an unknown god.
  1252 | D:2      | Reached XP level 4. HP: 32/41 MP: 3/3
  1847 | D:3      | Reached skill level 5 in Maces & Flails
  2083 | D:3      | Noticed a black bear
  2089 | D:3      | Killed a black bear
  2090 | D:3      | Reached skill level 5 in Fighting
  2090 | D:3      | Reached XP level 5. HP: 48/48 MP: 4/4
  2202 | D:3      | Found a glowing silver altar of Zin.
  2391 | D:4      | Reached *** piety under Trog
  2493 | D:4      | Found a staircase to the Ecumenical Temple.
  2522 | D:4      | Reached XP level 6. HP: 56/56 MP: 5/5
  2526 | D:4      | Reached skill level 6 in Maces & Flails
  2531 | D:4      | HP: 1/56 [gnoll (4)]
  2532 | D:4      | Slain by a gnoll

Illustrated notes

Levels and vault maps discovered:
D:1:      lightli_arrival_windingriver, layout_rooms
D:2:      layout_basic, hellmonk_ecumenical_altar_crossroads,
          nicolae_elevator_lobby_asterisk
D:3:      layout_rooms, zin_treasury, grunt_decor_one_mirror, grunt_decor_cap,
          kennysheep_generic_room_16
D:4:      layout_loops_ring, temple_statues

Skill      XL: |  1  2  3  4  5  6 |
---------------+-------------------+-----
Maces & Flails | 4 5 6 |  6.0
Fighting       | 4 5 |  5.0
Armour         | 4 |  4.2
Dodging        | |  2.9

Action                   |  1- 3 |  4- 6 || total
-------------------------+-------+-------++-------
Melee: Mace              |    72 |    79 ||   151
       Headbutt          |    11 |    17 ||    28
Invok: Berserk           |       |     2 ||     2
  Use: Potion            |       |     1 ||     1
Armor: Animal skin       |    13 |       ||    13
       Scale mail        |     9 |    22 ||    31
       Chain mail        |       |    19 ||    19
Dodge: Dodged            |    50 |    37 ||    87

Table legend: (Time is in decaauts)
 A = Elapsed time spent in this place.
 B = Non-inter-level travel time spent in this place.
 C = Inter-level travel time spent in this place.
 D = Time resting spent in this place.
 E = Time spent auto-exploring this place.
 F = Levels seen in this place.
 G = Mean time per level.
                   A        B        C        D        E       F      G
               +--------+--------+--------+--------+--------+-----+--------+
         Total |   2567 |   2390 |    177 |      0 |   1941 |   4 |  641.8 |
       Dungeon |   2567 |   2390 |    177 |      0 |   1941 |   4 |  641.8 |
               +--------+--------+--------+--------+--------+-----+--------+

Top non-repeatable levels by time:
     D:2: 847 daAuts
     D:3: 752 daAuts
     D:1: 735 daAuts
     D:4: 231 daAuts
